 Dungeon Crawl Stone Soup version 0.21.1-1-g345015f (webtiles) character file.

56 JeffiDaFish the Chopper (level 3, -1/34 HPs)
             Began as a Minotaur Chaos Knight on Feb 19, 2018.
             Slain by a worm (5 damage)
             ... on level 2 of the Dungeon.
             The game lasted 00:02:04 (581 turns).

JeffiDaFish the Chopper (Minotaur Chaos Knight)      Turns: 581, Time: 00:02:05

Health: -1/34      AC:  8    Str: 16    XL:     3   Next: 69%
Magic:  2/2        EV: 16    Int:  9    God:    Xom [..*...]
Gold:   22         SH:  0    Dex: 15    Spells: 2/2 levels left

rFire    . . .     SeeInvis .   a - +0 hand axe (chaos)
rCold    . . .     Gourm    .   (no shield)
rNeg     . . .     Faith    .   b - +2 leather armour
rPois    .         Spirit   .   (helmet unavailable)
rElec    .         Reflect  .   (no cloak)
rCorr    .         Harm     .   e - +0 pair of gloves
MR       .....                  (no boots)
Stlth    ++........             (no amulet)
HPRegen  0.11/turn              (no ring)
MPRegen  0.08/turn              (no ring)

@: agile, lethally poisoned (-1 -> -8)
A: retaliatory headbutt, horns 3, molten scales 1, evolution 1
a: Renounce Religion


You were on level 2 of the Dungeon.
You worshipped Xom.
You were a toy of Xom.
You were not hungry.

You visited 1 branch of the dungeon, and saw 2 of its levels.

You collected 22 gold pieces.

Inventory:

Hand Weapons
 a - a +0 hand axe of chaos (weapon)
Armour
 b - a +2 leather armour (worn)
 e - a +0 pair of gloves (worn)
Scrolls
 d - 2 scrolls of fear
Comestibles
 c - 3 rations
 f - 9 chunks of flesh


   Skills:
 + Level 4.4 Fighting
 + Level 4.8 Axes
 - Level 2.8 Armour
 - Level 1.1 Dodging


You had 2 spell levels left.
You didn't know any spells.

Dungeon Overview and Level Annotations

Branches:
Dungeon (2/15)

Altars:


Innate Abilities, Weirdness & Mutations

You reflexively headbutt those who attack you in melee.
You have a pair of large horns on your head.
You are partially covered in molten scales. (AC +2)
You evolve.


Message History

Your headbutt misses the adder.
You feel sick. The adder closely misses you.
You miss the adder. Your headbutt misses the adder.
You feel sick. The adder bites you.
You are more poisoned.
The adder poisons you!
You hit the adder.
The adder flickers and vanishes!
Deactivating autopickup; reactivate with Ctrl-A.
You headbutt something! You hit the worm. You burn the worm.
You hit something but do no damage. Your headbutt misses something.
You hit the worm.
You feel sick. Something bites you.
* * * LOW HITPOINT WARNING * * *
Something barely misses you. The worm barely misses you.
You hit something but do no damage. You hit the worm.
You feel better.
* * * LOW HITPOINT WARNING * * *
You feel sick. Something bites you.
* * * LOW HITPOINT WARNING * * *
Something bites you but does no damage. Something barely misses you.
The worm bites you.
You die... "It was about time."

.##########...###
.............##.#.#
####............##.#.#
...............#..#.#
................##.#
#.............##..#
#.............# .##
#...w.........# ###
#..{@).......## ...
....###.#$......##....
. ?..######........
..##......).)##.(..
... ###.......#.....
.. ................ #
..##.......##...
...........# .
.##......##


You could see a worm.

Vanquished Creatures
  2 adders (D:2)
  2 dart slugs (D:1)
  2 leopard geckos (D:1)
  2 giant cockroaches
  7 goblins
  2 hobgoblins
  4 bats
  6 kobolds (D:1)
  4 rats (D:1)
31 creatures vanquished.

Notes
Turn   | Place    | Note
-------+----------+-------------------------------------------
     0 | D:1      | JeffiDaFish the Minotaur Chaos Knight began the quest for the Orb.
     0 | D:1      | Reached XP level 1. HP: 19/19 MP: 0/0
   147 | D:1      | Reached XP level 2. HP: 27/27 MP: 1/1
   418 | D:1      | Reached XP level 3. HP: 33/33 MP: 2/2
   476 | D:2      | Gained mutation: You have a pair of large horns on your head. [potion of mutation]
   476 | D:2      | Gained mutation: You evolve. [potion of mutation]
   476 | D:2      | Gained mutation: You are partially covered in molten scales. (AC +2) [potion of mutation]
   539 | D:2      | XOM: divination: detect creatures
   574 | D:2      | XOM: potion effect (agility)
   581 | D:2      | Slain by a worm

Skill      XL: |  1  2 |
---------------+-------+-----
Axes           | 4 |  4.8
Fighting       | 4 |  4.4
Armour         | |  2.8
Dodging        | |  1.1

Action                   || total
-------------------------++-------
Melee: Hand axe          ||    65
       Headbutt          ||     8
  Use: Scroll            ||     3
       Potion            ||     3
Armor: Leather armour    ||    33
Dodge: Dodged            ||    54
